 Dungeon Crawl Stone Soup version 0.19.5 (webtiles) character file.

100 Peloso the Shield-Bearer (level 4, 0/40 HPs)
             Began as a Minotaur Fighter on Apr 27, 2017.
             Slain by Grinder (7 damage)
             ... on level 3 of the Dungeon on Apr 28, 2017.
             The game lasted 00:11:11 (1540 turns).

Peloso the Shield-Bearer (Minotaur Fighter)         Turns: 1540, Time: 00:11:12

Health: 0/40       AC:  9    Str: 21    XL:     4   Next: 47%
Magic:  3/3        EV:  5    Int:  5    God:
Gold:   130        SH:  9    Dex: 10    Spells: 0 memorised, 3 levels left

rFire  . . .     SeeInvis .     a - +0 long sword
rCold  . . .     Gourm    .     h - +0 chain mail (curse)
rNeg   . . .     Faith    .     c - +0 shield
rPois  .         Spirit   .     (helmet restricted)
rElec  .         Reflect  .     (no cloak)
rCorr  .         Harm     .     (no gloves)
MR     .....                    (no boots)
Stlth  ..........               (no amulet)
                                (no ring)
                                g - ring of flight

@: no status effects
A: retaliatory headbutt, horns 2
a: Evoke Flight


You were on level 3 of the Dungeon.
You were very hungry.

You visited 1 branch of the dungeon, and saw 3 of its levels.

You collected 130 gold pieces.

Inventory:

Hand Weapons
 a - a +0 long sword (weapon)
 l - a +0 mace of crushing
Armour
 b - a +0 scale mail
 c - a +0 shield (worn)
 h - a cursed +0 chain mail (worn)
Jewellery
 g - a ring of flight (left hand)
Scrolls
 i - 2 scrolls of amnesia {unknown}
 o - a scroll of magic mapping {unknown}
 p - a scroll of enchant armour {unknown}
 s - a scroll of teleportation {unknown}
 t - 2 scrolls of identify {unknown}
Potions
 d - a potion of might
 e - 2 potions of lignification {unknown}
 j - 4 potions of curing {unknown}
 n - a potion of agility {unknown}
 q - a potion of invisibility {unknown}
 u - a potion of flight {unknown}
Comestibles
 f - 2 bread rations
 k - a slice of pizza
 m - a beef jerky
 r - a royal jelly


   Skills:
 + Level 4.2 Fighting
 + Level 3.9 Long Blades
 + Level 4.3 Armour
 + Level 0.2 Dodging
 + Level 4.4 Shields


You had 3 spell levels left.
You didn't know any spells.

Dungeon Overview and Level Annotations

Branches:
Dungeon (3/15)

Altars:
Ashenzari

Annotations:
D:3 Grinder


Innate Abilities, Weirdness & Mutations

You reflexively headbutt those who attack you in melee.
You have a pair of horns on your head.


Message History

You closely miss Grinder.
Grinder is severely wounded.
You block Grinder's attack.
Unknown command.
You hit Grinder. Your headbutt misses Grinder.
Grinder is almost dead.
You block Grinder's attack. Grinder closely misses you.
You hit Grinder.
Grinder is almost dead.
Grinder blinks!
Grinder blinks!
Grinder hits you.
* * * LOW HITPOINT WARNING * * *
You writhe in agony.
* * * LOW HITPOINT WARNING * * *
Unknown command.
You barely miss Grinder.
Grinder is almost dead.
Grinder hits you!
You die...

. .# #..# #.#.
#.#.## #.##.# ..
#.##.##########...
+.+.+............>..
#
#.#.##@#####........
. .
#.#.##5###...####...
# . #.#.#)#.###..###
#$#. #.#.#.#.##..##
....###..#..##.###
......##.#.##..#
....#..........##
.............#..##
.................#
####...


You could see Grinder.

Vanquished Creatures
  5 adders
  An ooze (D:2)
  2 dart slugs (D:1)
  2 leopard geckos (D:1)
  A ball python (D:1)
  2 giant cockroaches
  3 goblins (D:1)
  3 hobgoblins (D:1)
  4 jackals (D:1)
  A quokka (D:2)
  2 bats
  5 frilled lizards
  9 kobolds
  9 rats
49 creatures vanquished.

Notes
Turn   | Place    | Note
-------+----------+-------------------------------------------
     0 | D:1      | Peloso the Minotaur Fighter began the quest for the Orb.
     0 | D:1      | Reached XP level 1. HP: 19/19 MP: 0/0
   119 | D:1      | Reached XP level 2. HP: 21/27 MP: 1/1
   647 | D:1      | Reached XP level 3. HP: 33/33 MP: 2/2
   984 | D:2      | Reached XP level 4. HP: 20/40 MP: 3/3
  1234 | D:2      | Found a shattered altar of Ashenzari.
  1485 | D:3      | Noticed Grinder
  1505 | D:3      | Paralysed by Grinder for 3 turns
  1540 | D:3      | Slain by Grinder

Skill      XL: |  1  2  3 |
---------------+----------+-----
Shields        | 4 |  4.4
Armour         | 4 |  4.3
Fighting       | 4 |  4.2
Long Blades    | 3 |  3.9
Dodging        | |  0.2

Action                   |  1- 3 |  4- 6 || total
-------------------------+-------+-------++-------
Melee: Long sword        |    92 |    35 ||   127
       Headbutt          |    16 |     7 ||    23
  Eat: Chunk             |       |     1 ||     1
Armor: Scale mail        |    23 |       ||    23
       Chain mail        |    22 |    11 ||    33
Dodge: Dodged            |    31 |     7 ||    38
Block: Shield            |    53 |    16 ||    69
       Rpst.: Long sword |     4 |     1 ||     5
